 Dungeon Crawl Stone Soup version 0.20.0-15-g7f486f2 (webtiles) character file.

293738 Azzok the Merry Centaur (level 20, -12/184 HPs)
             Began as a Centaur Berserker on June 16, 2017.
             Was the Champion of Trog.
             Killed from afar by a spriggan air mage (36 damage)
             ... with a bolt of lightning
             ... led by a spriggan defender
             ... on level 3 of the Depths.
             The game lasted 02:17:29 (49124 turns).

Azzok the Merry Centaur (Centaur Berserker)        Turns: 49124, Time: 02:17:29

Health: -12/184    AC: 29    Str: 33    XL:     20   Next: 2%
Magic:  20/20      EV: 12    Int: 15    God:    Trog [******]
Gold:   3342       SH:  6    Dex: 10    Spells: 18/19 levels left

rFire    + . .     SeeInvis +   b - +9 longbow (freeze)
rCold    + . .     Gourm    .   (shield currently unavailable)
rNeg     + . .     Faith    .   d - +0 swamp dragon scales
rPois    +         Spirit   .   i - +0 helmet
rElec    .         Reflect  +   s - +0 cloak of Nysuz {MR+ Int+6}
rCorr    .         Harm     .   C - +2 pair of gloves of Xihofu {Str+5 Int+3}
MR       +++..                  F - +2 centaur barding {rF+}
Stlth    ..........             r - +6 amulet of reflection
Regen    0.4/turn               K - ring of Wariness {rC+ rN+ AC+4 SInv}
MPRegen  0.2/turn               D - ring of protection from magic

@: very quick
A: hooves 3, deformed body, speed 2, tough skin 3
}: 2/15 runes: decaying, gossamer
a: Berserk, Trog's Hand, Brothers in Arms, Burn Spellbooks, Renounce Religion


You were on level 3 of the Depths.
You worshipped Trog.
Trog was exalted by your worship.
You were hungry.

You visited 6 branches of the dungeon, and saw 34 of its levels.
You also visited: Trove, Ice Cave and Volcano.

You collected 3945 gold pieces.
You spent 603 gold pieces at shops.

Inventory:

Hand Weapons
 a - the +8 glaive "Vaorhegu" {flame, *Noise MR+ Int-3 Dex+8}
   (You bought it in a shop on level 2 of the Orcish Mines)

   It has been specially enchanted to burn those struck by it, causing extra
   injury to most foes and up to half again as much damage against particularly
   susceptible opponents.
   Big, fiery blades are also staple armaments of hydra-hunters.
   It affects your intelligence (-3).
   It affects your dexterity (+8).
   It affects your resistance to hostile enchantments.
   It may make noises in combat.
 b - a +9 longbow of freezing (weapon)
Missiles
 f - 529 arrows (quivered)
Armour
 d - +0 swamp dragon scales (worn)
 i - a +0 helmet (worn)
 s - the +0 cloak of Nysuz (worn) {MR+ Int+6}
   (You bought it in a shop on level 2 of the Orcish Mines)

   It affects your intelligence (+6).
   It affects your resistance to hostile enchantments.
 A - a +1 chain mail of fire resistance
 C - the +2 pair of gloves of Xihofu (worn) {Str+5 Int+3}
   (You found it on level 6 of the Dungeon)

   It affects your strength (+5).
   It affects your intelligence (+3).
 F - a +2 centaur barding of fire resistance (worn)
 R - a scarf of resistance
 S - a +3 plate armour of cold resistance
Jewellery
 r - a +6 amulet of reflection (around neck)
 v - an uncursed ring of resist corrosion
 x - an uncursed ring of protection from cold
 D - a ring of protection from magic (right hand)
 G - the ring of Creativity {rC++ Int-3 Dex+5 Stlth+}
   (You found it in a treasure trove)

   [ring of stealth]

   It affects your intelligence (-3).
   It affects your dexterity (+5).
   It greatly protects you from cold.
   It makes you more stealthy.
 K - the ring of Wariness (left hand) {rC+ rN+ AC+4 SInv}
   (You took it off a spriggan berserker on level 2 of the Depths)

   [ring of protection]

   It affects your AC (+4).
   It protects you from cold.
   It protects you from negative energy.
   It lets you see invisible.
Wands
 O - a wand of digging (17/24)
Scrolls
 h - 2 scrolls of fear
 j - a scroll of silence
 o - 6 scrolls of magic mapping
 q - 5 scrolls of blinking
 t - 2 scrolls of recharging
 u - 20 scrolls of remove curse
 y - a scroll of torment
 I - 13 scrolls of teleportation
 L - 4 scrolls of fog
 Q - a scroll of brand weapon
 V - a scroll of holy word
Potions
 e - 9 potions of heal wounds
 k - 3 potions of resistance
 p - 2 potions of invisibility {unknown}
 B - 3 potions of cancellation {unknown}
 E - 6 potions of magic {unknown}
 H - 5 potions of berserk rage {unknown}
 P - 10 potions of curing
 U - 3 potions of agility {unknown}
 X - 6 potions of haste
 Z - 2 potions of might {unknown}
Books
 g - a book of Frost

   Spells                             Type                      Level
   a - Freeze                         Ice                          1
   b - Throw Frost                    Conjuration/Ice              2
   c - Ozocubu's Armour               Charms/Ice                   3
   d - Throw Icicle                   Conjuration/Ice              4
   e - Summon Ice Beast               Ice/Summoning                4
   Trog disapproves of the use of such an item.
 n - a book of Battle

   Spells                             Type                      Level
   a - Infusion                       Charms                       1
   b - Shroud of Golubria             Charms/Translocation         2
   c - Song of Slaying                Charms                       2
   d - Spectral Weapon                Hexes/Charms                 3
   e - Regeneration                   Charms/Necromancy            3
   Trog disapproves of the use of such an item.
 z - the Volume of Ice
   (You found it on level 2 of the Depths)

   Spells                             Type                      Level
   a - Freeze                         Ice                          1
   b - Throw Frost                    Conjuration/Ice              2
   c - Ensorcelled Hibernation        Hexes/Ice                    2
   d - Metabolic Englaciation         Hexes/Ice                    5
   e - Simulacrum                     Ice/Necromancy               6
   Trog disapproves of the use of such an item.
 N - the Guide on Conjuration
   (You found it on level 2 of the Depths)

   Spells                             Type                      Level
   a - Static Discharge               Conjuration/Air              3
   b - Conjure Flame                  Conjuration/Fire             3
   c - Freezing Cloud                 Conjuration/Ice/Air          6
   d - Conjure Ball Lightning         Conjuration/Air              6
   Trog disapproves of the use of such an item.
Comestibles
 c - 18 bread rations
 l - 36 fruits
 m - 11 chunks of flesh
 w - 13 royal jellies
 J - 11 meat rations


   Skills:
 * Level 17.2 Fighting
   Level 2.6 Long Blades
 - Level 10.0 Polearms
 O Level 27 Bows
 + Level 12.5 Armour
 - Level 12.1 Dodging


You had 18 spell levels left.
You knew the following spells:

 Your Spells              Type           Power        Failure   Level  Hunger
a - Apportation           Tloc           #.....       34%         1    ##.....


Dungeon Overview and Level Annotations

Branches:
Dungeon (15/15)            Temple (0/1) D:5            Lair (6/6) D:8
  Swamp (4/4) Lair:3       Spider (4/4) Lair:4        Slime (0/5) Lair:6
    Orc (2/2) D:12            Elf (0/3) Orc:2        Vaults (0/5) D:13
 Depths (3/5) D:15

Altars:
Cheibriados
Elyvilon
Fedhas
Kikubaaqudgha
Makhleb
Nemelex Xobeh
Okawaru
Qazlal
Trog
Uskayaw
Vehumet
Xom
Zin

Shops:
D:4 (   D:6 }   D:12 ::   Orc:2 :*[(

Portals:
Hell: Depths:1 Depths:2 Depths:3
Abyss: Depths:1
Pandemonium: Depths:3

Annotations:
D:2 exclusion: oklob plant


Innate Abilities, Weirdness & Mutations

You have hooves in place of feet.
Armour fits poorly on your strangely shaped body.
You cover ground very quickly.
You have extremely tough skin. (AC +3)


Message History

Firing (i - inventory):
f - 531 arrows (quivered)
Press: ? - help, Shift-Dir - straight line, f - sun demon
Aim: a sun demon (moderately wounded)
You shoot an arrow. The arrow misses the spriggan air mage.
The arrow closely misses the hell hound.
The arrow hits the sun demon!!!
The arrow freezes the sun demon!!
You kill the sun demon!
Trog accepts your kill.
The spriggan air mage waves its arms in wide circles.
The air twists around and strikes you!
* * * LOW HITPOINT WARNING * * *
Firing (i - inventory):
f - 530 arrows (quivered)
Press: ? - help, Shift-Dir - straight line, f - hell hound
Aim: a hell hound (catching its breath)
You shoot an arrow. The arrow barely misses the hell hound.
The hell hound bites you!
* * * LOW HITPOINT WARNING * * *
The spriggan air mage gestures at you while chanting.
The bolt of lightning hits you!
You die...

▒▒▒▒▒▒▒▒▒▒▒▒▒▒ ▒·· ········(( ▒▒▒
▒·▒▒▒·······▒▒▒ ▒▒·▒
▒·············· ▒··▒ ▒▒▒▒▒▒▒▒▒▒▒▒
▒······▒▒▒·····
·8·▒▒▒8▒8▒88▒8▒8▒▒▒·····▒···▒····
···▒··············▒···)···⌠······
···)····(········h'··)··▒···▒····
···'····[·······@i'···(·=▒▒▒·····
···▒··············▒·h·Q··········
···▒▒▒8▒8▒88▒8▒8▒▒▒·▒▒▒·······▒▒▒
·>·▒ ▒▒▒▒▒▒▒▒▒▒▒▒ ▒·····8···8····
···▒ ▒▒i·····3····)· ▒▒▒▒
▒····8···8···· ·'········hQ···
··''···8···8···'
····'···········'


You could see a tengu warrior, a spriggan air mage and 2 hell hounds.

Vanquished Creatures
  Bai Suzhen (Swamp:3)
  Saint Roka (Depths:1)
  A golden dragon (Depths:2)
  Nikola (Spider:4)
  3 liches (Depths:2)
  An Ice Fiend (IceCv)
  Asterion (Spider:1)
  A titan (Depths:2)
  4 thorn hunters
  3 tengu reavers
  Roxanne (Spider:3)
  2 frost giants (Depths:2)
  The ghost of Patate the Unseen, an adept SpEn of Okawaru (Spider:4)
  4 fire giants (Depths:2)
  2 orc warlords (Orc:2)
  8 emperor scorpions
  A ghost moth (Spider:4)
  5 very ugly things
  7 stone giants
  A reaper (Depths:3)
  5 entropy weavers
  2 spark wasps
  3 ettins
  Josephine (D:10)
  Snorg (Lair:4)
  2 fire dragons
  3 great orbs of eyes
  A yaktaur captain (Depths:2)
  A deep elf high priest (Depths:3)
  3 rakshasas (Depths:1)
  7 ice dragons
  Erolcha (Orc:1)
  34 hydras
  A vault guard (D:13)
  A ghost crab (Swamp:4)
  2 catoblepae
  5 centaur warriors
  The ghost of Scuka the Grappler, a novice TrHu of Okawaru (D:8)
  A dancing weapon (Orc:2)
  2 death knights
  8 death scarabs (Spider:4)
  2 ogre magi
  8 tengu warriors
  9 two-headed ogres
  2 vampire magi
  11 alligators
  4 orc high priests (Orc:2)
  2 deep troll earth magi
  2 deep troll shamans (Depths:2)
  Urug (Lair:4)
  3 soul eaters (Depths:3)
  A titan zombie (Depths:2)
  7 spriggan berserkers
  17 spriggans
  Sonja (Lair:4)
  A sun demon (Depths:3)
  7 skeletal warriors (D:14)
  A deep elf knight (D:15)
  2 glowing orange brains (Depths:2)
  2 unseen horrors
  2 flayed ghosts (Depths:2)
  A sea snake (shapeshifter) (Depths:2)
  6 deep trolls
  3 wizards
  A spriggan druid (Swamp:4)
  19 swamp dragons
  A wolf spider zombie (Spider:4)
  A shadow dragon zombie (Depths:2)
  3 lindwurms (Swamp:4)
  A phantasmal warrior (D:11)
  5 orc knights
  2 spectral wolf spiders (Spider:4)
  A necromancer (Depths:2)
  3 shambling mangroves
  9 wolf spiders
  A cyclops (shapeshifter) (Depths:2)
  9 orb spiders
  4 oklob plants (Lair:5)
  A deep elf mage (D:13)
  26 ugly things
  6 orc sorcerers
  7 cyclopes
  7 black mambas
  2 ice statues (IceCv)
  An elephant (shapeshifter) (Depths:2)
  3 moths of wrath
  5 elephants
  A smoke demon (Volcano)
  Maurice (Orc:2)
  A gargoyle (D:14)
  21 spiny frogs
  A redback zombie (Spider:4)
  A kobold demonologist (D:14)
  A rime drake (shapeshifter) (Depths:2)
  8 yaktaurs (Depths:1)
  5 spectral redbacks (Spider:4)
  11 demonic crawlers
  3 rime drakes
  6 komodo dragons
  A freezing wraith (D:14)
  2 anaconda simulacra (IceCv)
  2 efreet (Depths:3)
  4 red devils
  10 ice devils (IceCv)
  27 jumping spiders
  3 meliai (Spider:2)
  A wind drake (shapeshifter) (Depths:1)
  12 polar bears
  2 tengu conjurers
  12 trolls
  A harpy skeleton (D:15)
  18 hornets
  5 tyrant leeches
  3 spectral jumping spiders (Spider:4)
  15 bog bodies
  31 blink frogs
  3 dream sheep (Lair:6)
  4 spectral tarantellas (Spider:4)
  A jumping spider zombie (Spider:4)
  21 slime creatures
  7 hippogriffs
  A stone giant simulacrum (Depths:2)
  A tarantella (shapeshifter) (Depths:1)
  A vampire (D:14)
  4 flying skulls (Depths:3)
  2 shadows (Swamp:2)
  47 redbacks
  35 yaks
  20 tarantellas
  2 dire elephant simulacra (IceCv)
  5 wyverns
  6 water elementals
  10 wraiths
  15 vampire mosquitoes
  7 basilisks
  3 hungry ghosts
  3 harpy simulacra (IceCv)
  23 insubstantial wisps
  21 swamp worms
  3 soldier ants
  Edmund (D:5)
  7 wargs
  3 hydra simulacra (IceCv)
  9 porcupines
  13 water moccasins
  A floating eye (Depths:2)
  3 ice beasts
  45 orc warriors
  A meliai simulacrum (D:15)
  2 hornet zombies (Spider:4)
  An elf simulacrum (Depths:2)
  11 swamp drakes
  An eye of draining (shapeshifter) (D:15)
  A sky beast (D:10)
  8 boggarts
  A necrophage (D:6)
  2 eyes of draining
  39 wolves
  15 centaurs
  19 ogres
  4 black bears
  18 crocodiles
  4 big kobolds (D:12)
  2 wyvern zombies
  A gnoll sergeant (Orc:2)
  19 bullfrogs
  A wyvern skeleton (D:10)
  5 scorpions
  4 howler monkeys
  19 killer bees
  10 wights
  4 electric eels
  10 crimson imps
  3 quasits
  A bullfrog zombie (D:12)
  23 jellies
  2 centaur zombies
  8 hounds
  2 centaur skeletons
  12 orc priests
  27 orc wizards
  3 bullfrog skeletons
  4 iguanas
  15 worker ants
  A killer bee zombie (D:6)
  A hound zombie (D:8)
  A mummy (D:6)
  3 worker ant zombies
  10 gnolls
  15 adders
  3 shadow imps
  An ooze (Lair:6)
  3 adder skeletons
  4 worms
  6 dart slugs
  7 leopard geckos
  113 orcs
  10 bats
  8 giant cockroaches
  13 goblins
  9 hobgoblins
  6 jackals
  25 kobolds
  5 quokkas
  A ball python (D:2)
  5 frilled lizards
  A jackal skeleton (D:4)
  2 leopard gecko skeletons
  7 rats
  2 fungi
  2 plants (Lair:6)
1449 creatures vanquished.

Vanquished Creatures (collateral kills)
  A spiny frog (Lair:5)
  5 dream sheep (Lair:5)
6 creatures vanquished.

Vanquished Creatures (others)
  A hornet (Swamp:4)
  An orc warrior (Orc:2)
  A centaur (D:15)
  7 fungi
  7 plants
17 creatures vanquished.

Grand Total: 1472 creatures vanquished

Notes
Turn   | Place    | Note
-------+----------+-------------------------------------------
     0 | D:1      | Azzok the Centaur Berserker began the quest for the Orb.
     0 | D:1      | Reached XP level 1. HP: 19/19 MP: 1/1
   388 | D:1      | Reached XP level 2. HP: 26/26 MP: 2/2
   909 | D:1      | Reached XP level 3. HP: 30/33 MP: 3/3
  1017 | D:2      | Reached ** piety under Trog
  1067 | D:2      | Found a burning altar of Makhleb.
  1276 | D:2      | Found a blossoming altar of Fedhas.
  1293 | D:2      | Noticed an oklob plant
  1406 | D:2      | Found a bloodstained altar of Trog.
  1408 | D:2      | Found a stormy altar of Qazlal.
  1540 | D:2      | Reached XP level 4. HP: 41/41 MP: 4/4
  1543 | D:2      | Reached skill level 5 in Fighting
  2203 | D:3      | Reached XP level 5. HP: 39/50 MP: 5/5
  2470 | D:3      | Found an iron altar of Okawaru.
  2785 | D:4      | Found Qibal's Antique Weapon Shop.
  2825 | D:4      | You fall through a shaft for 2 floors!
  2853 | D:6      | Noticed a necrophage
  2901 | D:6      | Killed a necrophage
  2901 | D:6      | Reached XP level 6. HP: 34/59 MP: 6/6
  2904 | D:6      | Reached *** piety under Trog
  3080 | D:6      | Reached XP level 7. HP: 41/67 MP: 7/7
  3110 | D:6      | Got a pair of polished gloves
  3121 | D:6      | Identified the +2 pair of gloves of Xihofu {Str+5 Int+3} (You found it on level 6 of the Dungeon)
  3151 | D:6      | Found a white marble altar of Elyvilon.
  3164 | D:6      | Reached skill level 1 in Bows
  3201 | D:6      | Found Ineaha's Quality Used Wands.
  3226 | D:6      | Reached skill level 2 in Bows
  3292 | D:6      | Reached skill level 3 in Bows
  3330 | D:6      | Reached skill level 4 in Bows
  3343 | D:6      | Reached skill level 5 in Bows
  3392 | D:5      | Entered Level 5 of the Dungeon
  3519 | D:4      | Reached skill level 6 in Bows
  3560 | D:4      | Reached **** piety under Trog
  3799 | D:4      | Reached XP level 8. HP: 71/73 MP: 8/8
  3823 | D:4      | Reached skill level 7 in Bows
  4157 | D:4      | Found a hide-covered altar of Uskayaw.
  4158 | D:4      | Found a glowing silver altar of Zin.
  4238 | D:4      | Found an ancient bone altar of Kikubaaqudgha.
  4277 | D:4      | Reached skill level 8 in Bows
  4523 | D:5      | Reached skill level 9 in Bows
  4674 | D:5      | Noticed Edmund
  4701 | D:5      | Killed Edmund
  4725 | D:5      | Found a staircase to the Ecumenical Temple.
  4827 | D:5      | You fall through a shaft for 3 floors!
  4846 | D:8      | Noticed Scuka's ghost (novice TrHu)
  4870 | D:8      | Killed Scuka's ghost
  4870 | D:8      | Reached skill level 11 in Bows
  4870 | D:8      | Reached XP level 9. HP: 71/80 MP: 9/9
  4954 | D:8      | Reached skill level 12 in Bows
  5206 | D:5      | Found a shimmering altar of Xom.
  5664 | D:6      | Found a snail-covered altar of Cheibriados.
  6101 | D:7      | Found a white marble altar of Elyvilon.
  6198 | D:7      | Reached skill level 13 in Bows
  6207 | D:7      | Reached ***** piety under Trog
  7088 | D:7      | Found a radiant altar of Vehumet.
  7256 | D:8      | Reached skill level 14 in Bows
  7286 | D:8      | HP: 4/80 [poisoned by a soldier ant]
  7293 | D:8      | HP: 4/80 [poisoned by a soldier ant]
  7798 | D:8      | Received a gift from Trog
  7990 | D:8      | Noticed an elephant
  7990 | D:8      | Found a staircase to the Lair.
  8029 | D:8      | Reached XP level 10. HP: 43/87 MP: 10/10
  8031 | D:8      | Reached skill level 15 in Bows
  8037 | D:8      | Killed an elephant
  9000 | D:8      | HP: 3/87 [yak (9)]
  9330 | D:9      | Reached skill level 16 in Bows
  9833 | D:9      | Noticed a two-headed ogre
  9852 | D:9      | Killed a two-headed ogre
  9852 | D:9      | Reached skill level 17 in Bows
 10115 | D:9      | Received a gift from Trog
 10247 | D:10     | Entered Level 10 of the Dungeon
 10501 | D:10     | Received a gift from Trog
 10936 | D:10     | Reached skill level 18 in Bows
 11008 | D:10     | Noticed Josephine
 11015 | D:10     | Killed Josephine
 11015 | D:10     | Reached XP level 11. HP: 93/93 MP: 11/11
 11287 | D:10     | Paralysed by a hornet for 3 turns
 11658 | D:10     | HP: 4/93 [poisoned by a killer bee]
 11663 | D:10     | HP: 3/93 [poisoned by a killer bee]
 11668 | D:10     | HP: 3/93 [poisoned by a killer bee]
 11673 | D:10     | HP: 3/93 [poisoned by a killer bee]
 12067 | D:10     | Received a gift from Trog
 12509 | D:10     | Reached skill level 19 in Bows
 12728 | D:11     | Noticed a red ugly thing
 12762 | D:11     | Killed a red ugly thing
 12912 | D:11     | Noticed a two-headed ogre
 12937 | D:11     | Killed a two-headed ogre
 13005 | D:11     | Noticed a two-headed ogre
 13058 | D:11     | Killed a two-headed ogre
 13058 | D:11     | Reached skill level 20 in Bows
 13413 | D:11     | Noticed a two-headed ogre
 13443 | D:11     | Killed a two-headed ogre
 13588 | D:11     | Received a gift from Trog
 13621 | D:11     | Noticed a purple ugly thing
 13627 | D:11     | Killed a purple ugly thing
 14011 | D:11     | Noticed an orc knight
 14116 | D:11     | Killed an orc knight
 14116 | D:11     | Reached XP level 12. HP: 72/101 MP: 12/12
 14456 | D:11     | Noticed a death knight
 14465 | D:11     | Reached skill level 21 in Bows
 14607 | Lair:1   | Entered Level 1 of the Lair of Beasts
 14878 | Lair:1   | Noticed an eight-headed hydra
 14905 | Lair:1   | Killed an eight-headed hydra
 14906 | Lair:1   | Reached ****** piety under Trog
 14906 | Lair:1   | Received a gift from Trog
 15134 | Lair:1   | Received a gift from Trog
 15609 | Lair:1   | Received a gift from Trog
 15609 | Lair:1   | Reached skill level 22 in Bows
 16583 | Lair:2   | Received a gift from Trog
 16903 | Lair:2   | Noticed a four-headed hydra
 16905 | Lair:2   | Killed a four-headed hydra
 16942 | Lair:2   | Noticed a catoblepas
 16949 | Lair:2   | Killed a catoblepas
 16949 | Lair:2   | Reached skill level 23 in Bows
 17622 | Lair:3   | Reached XP level 13. HP: 106/106 MP: 13/13
 17751 | Lair:3   | Found a dark tunnel.
 17769 | Volcano  | Entered a volcano
 17860 | Volcano  | Reached skill level 24 in Bows
 17920 | Volcano  | Received a gift from Trog
 18607 | Lair:3   | Found a staircase to the Swamp.
 19303 | Lair:4   | Found a hole to the Spider Nest.
 19501 | Lair:4   | Noticed Snorg
 19505 | Lair:4   | Killed Snorg
 19509 | Lair:4   | Received a gift from Trog
 19522 | Lair:4   | Reached skill level 25 in Bows
 19596 | Lair:4   | Noticed Urug
 19597 | Lair:4   | Killed Urug
 19648 | Lair:4   | Noticed Sonja
 19657 | Lair:4   | Killed Sonja
 21442 | Lair:5   | Reached XP level 14. HP: 86/114 MP: 14/14
 21676 | Lair:5   | Reached skill level 26 in Bows
 22184 | Lair:6   | Entered Level 6 of the Lair of Beasts
 22301 | Lair:6   | Found a staircase to the Slime Pits.
 22320 | Lair:6   | Received a gift from Trog
 23253 | Lair:6   | Received a gift from Trog
 23844 | Lair:6   | Reached skill level 27 in Bows
 23890 | Lair:6   | Received a gift from Trog
 24087 | Lair:6   | HP: 2/115 [spriggan rider/vampiric spear (19)]
 25771 | D:12     | Found Ifoa's Book Shop.
 26027 | D:12     | Found a staircase to the Orcish Mines.
 26095 | D:12     | Found Jioserch's Book Shoppe.
 26147 | D:12     | Received a gift from Trog
 26688 | D:13     | Received a gift from Trog
 27013 | D:13     | Reached skill level 5 in Dodging
 27416 | D:13     | Reached XP level 15. HP: 124/124 MP: 15/15
 27482 | D:13     | Received a gift from Trog
 27665 | D:13     | Found a gate to the Vaults.
 28256 | D:14     | Reached skill level 10 in Fighting
 28744 | D:14     | Found a portal to a secret trove of treasure.
 28753 | Trove    | Entered a treasure trove
 28771 | Trove    | Got a wavering steel ring
 28772 | Trove    | Identified the ring of Creativity {rC++ Int-3 Dex+5 Stlth+} (You found it in a treasure trove)
 28788 | Trove    | Got a smoking dire flail
 28792 | Trove    | Got an ebony trident
 28840 | Trove    | Identified the cursed +0 trident of Descent {pierce, +Blink rN+} (You found it in a treasure trove)
 28842 | Trove    | Identified the +3 dire flail of Zin's Delight {crush, rElec rF+++ MR- Str-4} (You found it in a treasure trove)
 29006 | D:15     | Entered Level 15 of the Dungeon
 29123 | D:15     | Reached skill level 5 in Armour
 29868 | D:15     | Found a staircase to the Depths.
 29912 | D:15     | Reached * piety under Trog
 30487 | Orc:1    | Entered Level 1 of the Orcish Mines
 30894 | Orc:1    | Noticed Erolcha
 30899 | Orc:1    | Killed Erolcha
 31217 | Orc:2    | Entered Level 2 of the Orcish Mines
 31227 | Orc:2    | Noticed Maurice
 31334 | Orc:2    | Noticed an orc warlord
 31344 | Orc:2    | Killed an orc warlord
 31365 | Orc:2    | Noticed an orc warlord
 31484 | Orc:2    | Killed an orc warlord
 31645 | Orc:2    | Found Vazarusm's Book Shoppe.
 31676 | Orc:2    | Reached XP level 16. HP: 137/137 MP: 16/16
 31844 | Orc:2    | Found Juassil's Antique Armour Shop.
 31863 | Orc:2    | Bought a jewelled cloak for 247 gold pieces
 31876 | Orc:2    | Killed Maurice
 31914 | Orc:2    | Received a gift from Trog
 31942 | Orc:2    | Found Xefec's Antique Weapon Emporium.
 31974 | Orc:2    | Identified the +0 cloak of Nysuz {MR+ Int+6} (You bought it in a shop on level 2 of the Orcish Mines)
 32001 | Orc:2    | Bought an ichor-stained glaive for 287 gold pieces
 32421 | Orc:2    | Found Kyq Zeutt's General Store.
 32446 | Orc:2    | Bought 29 arrows for 69 gold pieces
 32449 | Orc:2    | Found a staircase to the Elven Halls.
 32543 | Orc:2    | Identified the +8 glaive "Vaorhegu" {flame, *Noise MR+ Int-3 Dex+8} (You bought it in a shop on level 2 of the Orcish Mines)
 32781 | Orc:1    | Received a gift from Trog
 33168 | Swamp:1  | Entered Level 1 of the Swamp
 33314 | Swamp:1  | Reached skill level 10 in Dodging
 34002 | Swamp:2  | Received a gift from Trog
 34694 | Swamp:2  | Received a gift from Trog
 34768 | Swamp:3  | Noticed a thorn hunter
 34773 | Swamp:3  | Killed a thorn hunter
 35491 | Swamp:3  | Noticed a thorn hunter
 35496 | Swamp:3  | Killed a thorn hunter
 35635 | Swamp:3  | Noticed a thorn hunter
 35651 | Swamp:3  | Killed a thorn hunter
 35656 | Swamp:3  | Noticed Bai Suzhen
 35686 | Swamp:3  | Killed Bai Suzhen
 36132 | Swamp:3  | Got a shimmering long sword {protect}
 36213 | Swamp:3  | Got a translucent scythe
 36302 | Swamp:3  | Identified the +8 scythe "Maras" {speed, +Fly} (You found it on level 3 of the Swamp)
 36702 | Swamp:4  | Entered Level 4 of the Swamp
 36781 | Swamp:4  | Received a gift from Trog
 36781 | Swamp:4  | Reached XP level 17. HP: 149/149 MP: 17/17
 37743 | Swamp:4  | Got a decaying rune of Zot
 37948 | Swamp:4  | Received a gift from Trog
 38617 | Spider:1 | Entered Level 1 of the Spider Nest
 38722 | Spider:1 | Received a gift from Trog
 38722 | Spider:1 | Reached skill level 1 in Polearms
 38854 | Spider:1 | Noticed Asterion
 38892 | Spider:1 | Killed Asterion
 39712 | Spider:2 | Received a gift from Trog
 39957 | Spider:2 | Got a transparent ring mail
 40012 | Spider:2 | Identified the +1 ring mail of Pigiere {Int+6 Dex-2} (You found it on level 2 of the Spider Nest)
 40148 | Spider:2 | Received a gift from Trog
 40688 | Spider:3 | Noticed Roxanne
 40701 | Spider:3 | Killed Roxanne
 40707 | Spider:3 | Identified Roxanne's Compendium of Earth (You took it off Roxanne on level 3 of the Spider Nest)
 40780 | Spider:3 | Found a frozen archway.
 40815 | IceCv    | Entered an ice cave
 40833 | IceCv    | Received a gift from Trog
 41075 | IceCv    | Reached skill level 10 in Armour
 41117 | IceCv    | Noticed an Ice Fiend
 41127 | IceCv    | Killed an Ice Fiend
 41270 | Spider:3 | Reached XP level 18. HP: 132/160 MP: 18/18
 41718 | Spider:3 | Was placed under penance by Trog
 41720 | Spider:3 | Learned a level 1 spell: Apportation
 42308 | Spider:4 | Entered Level 4 of the Spider Nest
 42324 | Spider:4 | Noticed Patate's ghost (adept SpEn)
 42342 | Spider:4 | Killed Patate's ghost
 42411 | Spider:4 | Reached skill level 5 in Polearms
 42612 | Spider:4 | Was forgiven by Trog
 42774 | Spider:4 | Reached skill level 15 in Fighting
 42853 | Spider:4 | Noticed Nikola
 42859 | Spider:4 | Killed Nikola
 42955 | Spider:4 | Received a gift from Trog
 44356 | Spider:4 | Got a gossamer rune of Zot
 44877 | Depths:1 | Entered Level 1 of the Depths
 44912 | Depths:1 | Noticed Saint Roka
 44929 | Depths:1 | Killed Saint Roka
 45150 | Depths:1 | Received a gift from Trog
 45325 | Depths:1 | Received a gift from Trog
 45450 | Depths:1 | Found a one-way gate to the infinite horrors of the Abyss.
 45457 | Depths:1 | Found a shimmering altar of Xom.
 45592 | Depths:1 | Found a gateway to Hell.
 45602 | Depths:1 | Reached XP level 19. HP: 160/171 MP: 19/19
 46194 | Depths:2 | Noticed a lich
 46201 | Depths:2 | Killed a lich
 46318 | Depths:2 | Identified the Volume of Ice
 46348 | Depths:2 | Noticed a lich
 46351 | Depths:2 | Noticed a golden dragon
 46361 | Depths:2 | Killed a lich
 46368 | Depths:2 | Killed a golden dragon
 46727 | Depths:2 | Identified the Guide on Conjuration
 46750 | Depths:2 | Received a gift from Trog
 47930 | Depths:2 | Got a scorched lead ring
 48049 | Depths:2 | Reached skill level 10 in Polearms
 48062 | Depths:2 | Identified the ring of Wariness {rC+ rN+ AC+4 SInv} (You took it off a spriggan berserker on level 2 of the Depths)
 48560 | Depths:3 | Received a gift from Trog
 48626 | Depths:3 | Got a warped longbow {god gift}
 48627 | Depths:3 | Identified the +1 longbow "Vycher" {venom, Str+6 SInv} (Trog gifted it to you on level 3 of the Depths)
 48877 | Depths:3 | Found an iron altar of Okawaru.
 49005 | Depths:3 | Found a one-way gate leading to the halls of Pandemonium.
 49074 | Depths:3 | Found a sparkling altar of Nemelex Xobeh.
 49090 | Depths:3 | Reached XP level 20. HP: 138/183 MP: 20/20
 49124 | Depths:3 | Killed from afar by a spriggan air mage

Skill      XL: |  1  2  3  4  5  6  7  8  9 10 11 12 13 14 15 16 17 18 19 |
---------------+----------------------------------------------------------+-----
Fighting       | 4 5 7 8 9 11 13 14 15 17 | 17.2
Bows           | 6 11 14 18 20 23 25 27 | 27.0
Dodging        | 5 9 11 12 | 12.1
Armour         | 3 6 8 10 11 12 | 12.5
Polearms       | 4 7 10 | 10.0
Long Blades    | |  2.6

Action                   |  1- 3 |  4- 6 |  7- 9 | 10-12 | 13-15 | 16-18 | 19-21 || total
-------------------------+-------+-------+-------+-------+-------+-------+-------++-------
Melee: Falchion          |   117 |    10 |    21 |       |       |       |       ||   148
       Kick              |    22 |    55 |   193 |   111 |     1 |     6 |       ||   388
       Dagger            |       |   174 |   487 |   319 |     1 |       |       ||   981
       Longbow           |       |       |       |       |     3 |       |       ||     3
       Glaive            |       |       |       |       |       |    13 |       ||    13
 Fire: Shortbow          |       |       |       |   658 |       |       |       ||   658
       Longbow           |       |       |       |    85 |  1220 |  1601 |   397 ||  3303
Invok: Berserk           |     2 |     2 |     7 |     7 |       |       |       ||    18
       Trog's Hand       |       |       |     1 |       |     3 |       |       ||     4
       Brothers in Arms  |       |       |       |       |     1 |       |       ||     1
Evoke: Wand              |       |     1 |     3 |       |     1 |       |       ||     5
  Use: Scroll            |       |       |     1 |    13 |    13 |    21 |     4 ||    52
       Potion            |       |       |     1 |       |       |       |     1 ||     2
 Stab: Paralysed         |       |     5 |       |       |       |       |       ||     5
  Eat: Chunk             |     2 |     8 |    17 |    24 |    32 |    23 |     8 ||   114
       Royal jelly       |       |       |     1 |     3 |     1 |       |       ||     5
       Fruit             |       |       |       |     3 |     2 |    14 |     1 ||    20
Armor: Animal skin       |    14 |       |       |       |       |       |       ||    14
       Ring mail         |    47 |    53 |       |       |       |       |       ||   100
       Chain mail        |       |     6 |   121 |       |    81 |       |       ||   208
       Plate armour      |       |       |   172 |   233 |    58 |   106 |       ||   569
       Swamp dragon scal |       |       |       |       |       |   145 |    25 ||   170
Dodge: Dodged            |    64 |    35 |    36 |   100 |    84 |   177 |    17 ||   513
Block: Shield            |       |    62 |   156 |    25 |       |       |       ||   243
       Other             |       |       |       |       |    34 |   126 |    12 ||   172
       Reflection        |       |       |       |       |    10 |     5 |     3 ||    18
       Rpst.: Falchion   |    15 |     1 |       |       |       |       |       ||    16
